 Dungeon Crawl Stone Soup version 0.22-b1-21-g5cfc168 (webtiles) character file.

1881 nicolaieve the Basher (level 8, -7/69 HPs)
             Began as a Minotaur Berserker on Aug 4, 2018.
             Was an Elder of Trog.
             Mangled by a hornet (10 damage)
             ... on level 8 of the Dungeon.
             The game lasted 00:26:51 (5272 turns).

nicolaieve the Basher (Minotaur Berserker)          Turns: 5272, Time: 00:26:52

Health: -7/69      AC: 11    Str: 21      XL:     8   Next: 91%
Magic:  7/7        EV:  8    Int:  4      God:    Trog [****..]
Gold:   43         SH:  0    Dex: 11 (13) Spells: 7/7 levels left

rFire    . . .     SeeInvis .   s - +0 whip
rCold    . . .     Gourm    .   (no shield)
rNeg     . . .     Faith    .   k - +0 chain mail
rPois    +         Spirit   .   (helmet restricted)
rElec    .         Reflect  .   (no cloak)
rCorr    .         Harm     .   F - +1 pair of gloves
MR       ++...                  (no boots)
Stlth    ..........             (no amulet)
HPRegen  1.21/turn              (no ring)
MPRegen  0.10/turn              m - ring of poison resistance

@: lethally poisoned (-7 -> -8), berserk cooldown, regenerating, slowed, heavily
drained, very slow
A: retaliatory headbutt, horns 2
a: Berserk, Trog's Hand, Brothers in Arms, Renounce Religion


You were on level 8 of the Dungeon.
You worshipped Trog.
Trog was greatly pleased with you.
You were not hungry.

You visited 1 branch of the dungeon, and saw 8 of its levels.

You collected 256 gold pieces.
You spent 213 gold pieces at shops.

Inventory:

Hand Weapons
 s - a +0 whip (weapon)
Armour
 k - a +0 chain mail (worn)
 F - a +1 pair of gloves (worn)
Jewellery
 m - a ring of poison resistance (right hand)
Wands
 w - a wand of digging (9)
 z - a wand of scattershot (4)
 A - a wand of acid (14)
Scrolls
 b - a scroll of fear
 d - 4 scrolls of teleportation {unknown}
 g - a scroll of enchant weapon {unknown}
 i - 2 scrolls of identify
 l - 4 scrolls of remove curse
 n - 2 scrolls of magic mapping
 o - 4 scrolls of enchant armour {unknown}
 p - a scroll of immolation {unknown}
 t - 2 scrolls of blinking {unknown}
 x - a scroll of random uselessness {unknown}
 y - 5 scrolls of fog
Potions
 e - a potion of flight
 j - 3 potions of lignification
 q - a potion of curing
 u - a potion of heal wounds
 v - 3 potions of agility
 B - a potion of mutation
 E - a potion of might
 G - a potion of resistance
Comestibles
 c - 14 rations


   Skills:
 + Level 5.6(4.3) Fighting
 - Level 12.0(10.5) Maces & Flails
 + Level 6.0(4.7) Armour
 + Level 2.8(1.6) Dodging


You had 7 spell levels left.
You didn't know any spells.
Your spell library was empty.

Dungeon Overview and Level Annotations

Branches:
Dungeon (8/15)             Temple (0/1) D:5
   Lair: D:8-11

Altars:
Cheibriados
Yredelemnul
Zin

Shops:
D:4 [   D:5 (   D:7 ?

Annotations:
D:8 Joseph


Innate Abilities, Weirdness & Mutations

You reflexively headbutt those who attack you in melee.
You have a pair of horns on your head.


Message History

The hornet stings you.
You shrug off the repeated paralysis!
The orc warrior drinks a potion.
The orc warrior seems to speed up.
You can move again.
Your skin crawls.
You feel resistant to hostile enchantments.
You feel somewhat more hungry.
The orc shouts!
The jelly quivers.
The hornet stings you!
* * * LOW HITPOINT WARNING * * *
You are poisoned.
You shrug off the repeated paralysis!
The hornet stings you!
* * * LOW HITPOINT WARNING * * *
You are more poisoned.
Okay, then.
You eat one of the 15 rations.
That ration really hit the spot!
You feel very sick.
The orc warrior hits you but does no damage.
The hornet stings you!
You die...

#... .#.## #... .....
### ###.%.########.#.#
#..
@)..........##.#.#####..
...{...........#.....<..
...o..o@)...##.......#..
#....#.######.#.###.#>.
#.. #y# #.#.###.### #
#@# #.#..##.### #o#
#.##.##.... #.#
##.##.##..## 5o.
#.........## .##
#.#.##....... .J
##.#####.## .. #.## ...
#... ####


You could see Joseph, a hornet, an orc warrior, a jelly, a shadow imp and 2
orcs.

Vanquished Creatures
  Sigmund (D:2)
  An ice beast (D:7)
  A sky beast (D:7)
  A phantom (D:7)
  A centaur (D:6)
  2 bullfrogs
  3 scorpions
  6 killer bees (D:7)
  3 howler monkeys
  A centaur zombie (D:7)
  2 crimson imps (D:7)
  A bullfrog zombie (D:7)
  A quasit (D:7)
  2 orc priests
  3 hounds
  A bullfrog skeleton (D:6)
  2 iguanas
  A worker ant (D:5)
  2 orc wizards (D:4)
  3 gnolls (D:5)
  8 adders
  A shadow imp (D:6)
  An ooze (D:2)
  2 worms
  4 dart slugs (D:1)
  8 leopard geckos
  11 orcs
  7 bats
  6 giant cockroaches
  10 goblins
  13 hobgoblins
  8 jackals
  9 kobolds
  8 quokkas
  A ball python (D:4)
  3 frilled lizards
  A leopard gecko zombie (D:6)
  11 rats
  A spectral orc (D:5)
151 creatures vanquished.

Notes
Turn   | Place    | Note
-------+----------+-------------------------------------------
     0 | D:1      | nicolaieve the Minotaur Berserker began the quest for the Orb.
     0 | D:1      | Reached XP level 1. HP: 19/19 MP: 0/0
    19 | D:1      | Reached skill level 4 in Maces & Flails
    26 | D:1      | Reached XP level 2. HP: 24/26 MP: 1/1
   130 | D:1      | Reached skill level 5 in Maces & Flails
   174 | D:1      | Reached XP level 3. HP: 27/31 MP: 2/2
   305 | D:1      | Reached ** piety under Trog
   512 | D:2      | Noticed Sigmund
   521 | D:2      | Killed Sigmund
   521 | D:2      | Reached skill level 7 in Maces & Flails
   521 | D:2      | Reached XP level 4. HP: 39/39 MP: 3/3
   521 | D:2      | Reached XP level 5. HP: 45/45 MP: 4/4
   765 | D:2      | Reached skill level 8 in Maces & Flails
   950 | D:2      | Reached XP level 6. HP: 51/51 MP: 5/5
   984 | D:2      | Found a faded altar of an unknown god.
  1233 | D:2      | Reached *** piety under Trog
  2295 | D:4      | Reached skill level 9 in Maces & Flails
  2509 | D:4      | Found Zoafad's Armour Shoppe.
  2887 | D:5      | Entered Level 5 of the Dungeon
  2944 | D:5      | Found a staircase to the Ecumenical Temple.
  3015 | D:5      | Reached XP level 7. HP: 17/57 MP: 6/6
  3170 | D:5      | Found Yninn's Weapon Boutique.
  3282 | D:5      | Found a glowing silver altar of Zin.
  3470 | D:5      | Reached skill level 10 in Maces & Flails
  3602 | D:5      | Found a basalt altar of Yredelemnul.
  4182 | D:6      | Reached skill level 11 in Maces & Flails
  4290 | D:7      | Reached XP level 8. HP: 48/66 MP: 7/7
  4327 | D:7      | Found a snail-covered altar of Cheibriados.
  4347 | D:7      | Found Zivi's Magic Scroll Boutique.
  4361 | D:7      | Bought a scroll of fog for 22 gold pieces
  4361 | D:7      | Bought a scroll of amnesia for 38 gold pieces
  4361 | D:7      | Bought a scroll of remove curse for 33 gold pieces
  4361 | D:7      | Bought a scroll of fear for 38 gold pieces
  4361 | D:7      | Bought a scroll of identify for 22 gold pieces
  4361 | D:7      | Bought a scroll of identify for 22 gold pieces
  4361 | D:7      | Bought a scroll of magic mapping for 38 gold pieces
  4451 | D:7      | Reached **** piety under Trog
  4459 | D:7      | Reached skill level 12 in Maces & Flails
  4609 | D:7      | Reached skill level 5 in Armour
  4642 | D:7      | Reached skill level 5 in Fighting
  5256 | D:8      | Noticed a hornet
  5263 | D:8      | Noticed Joseph
  5268 | D:8      | Paralysed by a hornet for 3 turns
  5272 | D:8      | HP: 3/69 [poisoned by a hornet]
  5272 | D:8      | Mangled by a hornet

Skill      XL: |  1  2  3  4  5  6  7  8 |
---------------+-------------------------+-----
Maces & Flails | 4 5 7 8 9 11 12 | 12.0
Armour         | 6 |  6.0
Fighting       | 5 |  5.6
Dodging        | |  2.8

Action                   |  1- 3 |  4- 6 |  7- 9 || total
-------------------------+-------+-------+-------++-------
Melee: Mace              |    72 |    66 |       ||   138
       Headbutt          |    11 |    30 |    44 ||    85
       Whip              |       |   117 |   281 ||   398
Invok: Berserk           |     3 |     1 |     4 ||     8
       Trog's Hand       |       |       |     3 ||     3
  Use: Scroll            |       |       |    12 ||    12
       Potion            |       |       |     2 ||     2
  Eat: Chunk             |     1 |     9 |    11 ||    21
       Ration            |       |       |     1 ||     1
Armor: Animal skin       |     2 |       |       ||     2
       Ring mail         |     4 |       |       ||     4
       Chain mail        |    14 |    78 |   118 ||   210
Dodge: Dodged            |    46 |    62 |    84 ||   192
